 Dungeon Crawl Stone Soup version 0.31-a0-1202-ga8fea8b373 (webtiles) character file.

Game seed: 11933158211729535003

1140647 gruber the Minotaur Barricade (level 27, -3/273 HPs)
             Began as a Minotaur Fighter on Dec 6, 2023.
             Was the Champion of the Shining One.
             Killed by divine providence
             ... invoked by a royal mummy
              (8 damage)
             ... on level 1 of the Tomb of the Ancients on Dec 13, 2023.
             The game lasted 03:31:27 (113934 turns).

gruber the Minotaur Barricade (Minotaur Fighter)  Turns: 113934, Time: 03:31:28

Health: -3/273     AC: 50    Str: 21 (33) XL:     27
Magic:  0/39       EV: 18    Int:  5 (8)  God:    the Shining One [******]
Gold:   11602      SH: 53    Dex: 10      Spells: 24/26 levels left

rFire   + . .        W - +10 eveningstar "Qaoph" {freeze, rCorr Int+5}
rCold   + + +        L - +0 tower shield {rC+}
rNeg    + + +        p - +10 gold dragon scales
rPois   +            b - +1 hat of Idealism {Rampage rElec}
rElec   +            l - scarf of Okawaru's Regard {rC+ rF+, SInv}
rCorr   +            Y - +3 pair of gauntlets of War {Slay+5}
SInv    +            Z - +3 pair of boots of Xatogg {Int+3}
Will    +++++        D - brooch of Shielding {Spirit SH+8} Stlth
                     Q - ring "Epnicaut" {Will++ Str+6 SInv}
HPRegen 0.00/turn    a - ring "Natuleos" {rN+ Will+++ EV+5 Int-3 Dex-2}
MPRegen 0.26/turn

%: guardian spirit, rampage
@: divinely shielded, inhibited regen, glowing, studying 4 skills, unable to
read, very slow
A: horns 2, retaliatory headbutt, talons 1, iridescent scales 1, large bone
plates 1, camouflage 1, clumsy 1, dopey 2, inhibited regeneration, weak 1, heat
vulnerability 1, inability to read after injury 2, devolution 1
}: 10/15 runes: decaying, serpentine, silver, icy, abyssal, demonic, glowing,
magical, fiery, dark
a: Renounce Religion, Divine Shield, Cleansing Flame, Summon Divine Warrior,
Brand Weapon With Holy Wrath


You were on level 1 of the Tomb of the Ancients.
You worshipped the Shining One.
The Shining One was exalted by your worship.
You visited 17 branches of the dungeon, and saw 74 of its levels.
You visited Pandemonium 2 times, and saw 28 of its levels.
You visited the Abyss 2 times.
You also visited: Sewer, Ossuary, Ice Cave and Volcano.

You collected 12550 gold pieces.
You spent 948 gold pieces at shops.

Inventory:

Hand Weapons
 m - a +9 sacred scourge of holy wrath
 H - the +6 sword of Cerebov {flame}
   (You took it off Cerebov in Pandemonium)

   The Shining One disapproves of the use of such an item.
 W - the +10 eveningstar "Qaoph" (weapon) {freeze, rCorr Int+5}
   (Okawaru gifted it to you on level 3 of the Lair of Beasts)

   Int+5:     It affects your intelligence (+5).
   rCorr:     It protects you from acid and corrosion.
Missiles
 q - 25 curare-tipped darts
 J - 10 throwing nets
 U - 20 silver javelins (quivered)
 X - 17 atropa-tipped darts
Armour
 b - the +1 hat of Idealism (worn) {Rampage rElec}
   (You acquired it on level 12 of the Dungeon)

   rElec:     It insulates you from electricity.
   Rampage:   It bestows one free step when moving towards enemies.
 l - the scarf of Okawaru's Regard (worn) {rC+ rF+, SInv}
   (Okawaru gifted it to you on level 5 of the Lair of Beasts)

   SInv:      It lets you see invisible.
 p - +10 gold dragon scales (worn)
 L - a +0 tower shield of cold resistance (worn)
 Y - the +3 pair of gauntlets of War (worn) {Slay+5}
   (You acquired it on level 2 of the Elven Halls)

   Slay+5:    It affects your accuracy & damage with ranged weapons and melee
   (+5).
 Z - the +3 pair of boots of Xatogg (worn) {Int+3}
   (You acquired it in Pandemonium)

   Int+3:     It affects your intelligence (+3).
Jewellery
 a - the ring "Natuleos" (right hand) {rN+ Will+++ EV+5 Int-3 Dex-2}
   (You took it off a deep elf annihilator on level 3 of the Elven Halls)

   [ring of evasion]

   EV+5:      It affects your evasion (+5).
   Int-3:     It affects your intelligence (-3).
   Dex-2:     It affects your dexterity (-2).
   rN+:       It protects you from negative energy.
   Will+++:   It greatly increases your willpower.
 e - a ring of flight
 D - the brooch of Shielding (around neck) {Spirit SH+8}
   (You found it on level 4 of the Vaults)

   [amulet of guardian spirit]

   Spirit:    It causes incoming damage to be divided between your reserves of
   health and magic.
   SH+8:      It affects your SH (+8).
 Q - the ring "Epnicaut" (left hand) {Will++ Str+6 SInv}
   (You found it on level 8 of the Dungeon)

   [ring of strength]

   Str+6:     It affects your strength (+6).
   Will++:    It greatly increases your willpower.
   SInv:      It lets you see invisible.
Talismans
 j - a dragon-blood talisman
 y - a storm talisman
Wands
 C - a wand of quicksilver (53)
 K - a wand of digging (33)
 M - a wand of charming (63)
 P - a wand of roots (66)
 R - a wand of mindburst (86)
Scrolls
 c - 6 scrolls of vulnerability
 g - 7 scrolls of silence
 k - 21 scrolls of immolation
 o - 17 scrolls of revelation
 r - 27 scrolls of teleportation
 u - 19 scrolls of fog
 v - 6 scrolls of butterflies
 G - 6 scrolls of poison
 I - 7 scrolls of enchant armour
 N - 3 scrolls of amnesia
 O - 13 scrolls of blinking
 S - 9 scrolls of fear
Potions
 d - 13 potions of might
 f - 13 potions of heal wounds
 h - 9 potions of berserk rage
 i - 24 potions of attraction
 n - 33 potions of curing
 s - 4 potions of haste
 t - 7 potions of cancellation
 w - 5 potions of brilliance
 x - 8 potions of ambrosia
 z - 5 potions of magic
 A - a potion of mutation
 B - 9 potions of resistance
 E - 18 potions of lignification
 F - 17 potions of enlightenment
Miscellaneous
 T - a lightning rod (inert)
 V - a phial of floods (inert)


   Skills:
 O Level 27 Fighting
 O Level 27 Maces & Flails
 O Level 27 Throwing
 O Level 27 Armour
 O Level 27 Dodging
 O Level 27 Shields
 O Level 27 Invocations
 * Level 23.8 Evocations


You had 24 spell levels left.
You knew the following spells:

 Your Spells              Type           Power      Damage    Failure   Level
a - Blink                 Tloc           0%         N/A       100%        2

Your spell library contained the following spells:

 Spells                   Type           Power      Damage    Failure   Level
 Apportation              Tloc           0%         N/A       99%         1
 Foxfire                  Conj/Fire      0%         2x1d4     99%         1
 Magic Dart               Conj           0%         1d3       99%         1
 Necrotise                Necr           0%         1d4       99%         1
 Shock                    Conj/Air       0%         1d3       99%         1
 Summon Small Mammal      Summ           0%         N/A       99%         1
 Call Imp                 Summ           0%         N/A       100%        2
 Cigotuvi's Dreadful Rot  Necr/Pois/Air  0%         N/A       100%        2
 Ensorcelled Hibernation  Hex/Ice        0%         N/A       100%        2
 Lesser Beckoning         Tloc           0%         N/A       100%        2
 Momentum Strike          Conj/Tloc      0%         3d8       100%        2
 Passwall                 Tmut/Erth      0%         N/A       100%        2
 Poisonous Vapours        Pois/Air       0%         N/A       100%        2
 Scorch                   Fire           0%         2d5       100%        2
 Searing Ray              Conj           0%         2d4       100%        2
 Sublimation of Blood     Necr           0%         N/A       100%        2
 Wereblood                Tmut           0%         N/A       100%        2
 Call Canine Familiar     Summ           0%         N/A       100%        3
 Dazzling Flash           Conj/Hex       0%         N/A       100%        3
 Frozen Ramparts          Ice            0%         1d1       100%        3
 Gell's Gravitas          Tloc           0%         N/A       100%        3
 Hailstorm                Conj/Ice       0%         3d5       100%        3
 Ignite Poison            Fire/Tmut/Pois 0%         N/A       100%        3
 Inner Flame              Hex/Fire       0%         N/A       100%        3
 Mephitic Cloud           Conj/Pois/Air  0%         N/A       100%        3
 Ozocubu's Armour         Ice            0%         N/A       100%        3
 Summon Guardian Golem    Hex/Summ       0%         N/A       100%        3
 Swiftness                Air            0%         N/A       100%        3
 Teleport Other           Tloc           0%         N/A       100%        3
 Tukima's Dance           Hex            0%         N/A       100%        3
 Vampiric Draining        Necr           0%         2d6       100%        3
 Volatile Blastmotes      Fire/Tloc      0%         2d10      100%        3
 Airstrike                Air            0%         2d(0-16)  100%        4
 Anguish                  Hex/Necr       0%         N/A       100%        4
 Animate Dead             Necr           0%         N/A       100%        4
 Brom's Barrelling Bould  Conj/Erth      0%         2d3       100%        4
 Cause Fear               Hex            0%         N/A       100%        4
 Flame Wave               Conj/Fire      0%         2d4       100%        4
 Fulminant Prism          Conj/Hex       0%         3d5       100%        4
 Leda's Liquefaction      Hex/Erth       0%         N/A       100%        4
 Manifold Assault         Tloc           0%         N/A       100%        4
 Olgreb's Toxic Radiance  Pois           0%         N/A       100%        4
 Passage of Golubria      Tloc           0%         N/A       100%        4
 Petrify                  Tmut/Erth      0%         N/A       100%        4
 Sticky Flame             Conj/Fire      0%         2d3       100%        4
 Summon Ice Beast         Ice/Summ       0%         N/A       100%        4
 Vhi's Electric Charge    Tloc/Air       0%         N/A       100%        4
 Agony                    Necr           0%         N/A       100%        5
 Arcjolt                  Conj/Air       0%         1d10      100%        5
 Borgnjor's Vile Clutch   Necr/Erth      0%         N/A       100%        5
 Fireball                 Conj/Fire      0%         3d3       100%        5
 Freezing Cloud           Conj/Ice/Air   0%         6-21      100%        5
 Iskenderun's Battlesphe  Conj           0%         2d6       100%        5
 Lee's Rapid Deconstruct  Erth           0%         3d4*      100%        5
 Metabolic Englaciation   Hex/Ice        0%         N/A       100%        5
 Silence                  Hex/Air        0%         N/A       100%        5
 Summon Forest            Summ/Tloc      0%         N/A       100%        5
 Summon Mana Viper        Hex/Summ       0%         N/A       100%        5
 Yara's Violent Unravell  Hex/Tmut       0%         3d3       100%        5
 Bombard                  Conj/Erth      0%         9d1       100%        6
 Conjure Ball Lightning   Conj/Air       0%         3x3d6     100%        6
 Death Channel            Necr           0%         N/A       100%        6
 Dispersal                Tloc           0%         N/A       100%        6
 Eringya's Noxious Bog    Tmut/Pois      0%         4d6       100%        6
 Plasma Beam              Fire/Air       0%         2x1d10    100%        6
 Simulacrum               Ice/Necr       0%         N/A       100%        6
 Starburst                Conj/Fire      0%         6d3       100%        6
 Summon Cactus Giant      Summ           0%         N/A       100%        6
 Enfeeble                 Hex            0%         N/A       100%        7
 Haunt                    Necr/Summ      0%         N/A       100%        7
 Monstrous Menagerie      Summ           0%         N/A       100%        7
 Orb of Destruction       Conj           0%         9d5       100%        7
 Spellforged Servitor     Conj/Summ      0%         N/A       100%        7
 Summon Hydra             Summ           0%         N/A       100%        7
 Borgnjor's Revivificati  Necr           0%         N/A       100%        8
 Discord                  Hex            0%         N/A       100%        8
 Disjunction              Tloc           0%         N/A       100%        8
 Ignition                 Fire           0%         3d3       100%        8
 Lehudib's Crystal Spear  Conj/Erth      0%         10d2      100%        8
 Maxwell's Capacitive Co  Air            0%         ∞         100%        8
 Chain Lightning          Conj/Air       0%         N/A       100%        9
 Death's Door             Necr           0%         N/A       100%        9
 Fire Storm               Conj/Fire      0%         5d1       100%        9
 Shatter                  Erth           0%         3d5*      100%        9


Dungeon Overview and Level Annotations

Branches:
Dungeon (15/15)            Temple (1/1) D:7            Lair (5/5) D:10
  Swamp (4/4) Lair:2        Snake (4/4) Lair:2        Slime (3/5) Lair:5
    Orc (2/2) D:10            Elf (3/3) Orc:2        Vaults (5/5) D:14
  Crypt (3/3) Vaults:2       Tomb (2/3) Crypt:3      Depths (4/4) D:15
   Hell (visited)             Dis (5/7) Hell            Geh (0/7) Hell
    Coc (7/7) Hell            Tar (6/7) Hell            Zot (4/5) Depths:4
  Sewer (visited)         Ossuary (visited)           IceCv (visited)
Volcano (visited)

Altars:
Ashenzari
Cheibriados
Dithmenos
Elyvilon
Fedhas
Gozag
Hepliaklqana
Kikubaaqudgha
Makhleb
Nemelex Xobeh
Okawaru
Qazlal
Ru
Sif Muna
Trog
Uskayaw
Vehumet
Wu Jian
Xom
Yredelemnul
Zin
The Shining One

Shops:
D:6 *   D:8 :   Orc:1 *   Orc:2 =[[=:   Elf:2 ?   Elf:3 [*=[   Snake:1 =:=
Snake:3 [   Snake:4 [   Vaults:1 !   Depths:4 =

Portals:
Hell: Depths:1 Depths:2 Depths:3 Depths:4
Abyss: Depths:2 Depths:3
Pandemonium: Depths:2
Ziggurat: Depths:1

Annotations:
Elf:2 1 runed translucent door


Innate Abilities, Weirdness & Mutations

You have a pair of horns on your head.
You reflexively headbutt those who attack you in melee.
You have sharp toenails.
You are partially covered in iridescent scales. (AC +2)
You are partially covered in large bone plates. (SH +4)
Your skin changes colour to match your surroundings (Stealth+).
You are clumsy. (Dex -2)
You are very dopey. (Int -4)
You do not regenerate when monsters are visible.
You are weak. (Str -2)
You are vulnerable to heat. (rF-)
You sometimes lose the ability to read scrolls when taking damage.
You have hidden genetic defects.


Message History

Press: ? - help, Q - select action, (/) - cycle Shift-Dir - straight line, f - mummy priest
Aim: a mummy priest (lightly damaged, haloed, 93% to hit)
You throw a silver javelin.
The silver javelin pierces through the emperor scorpion!!!
You kill the emperor scorpion!
The emperor scorpion's corpse disappears in a puff of smoke!
The silver javelin pierces through the emperor scorpion!!
The emperor scorpion is severely wounded.
The silver javelin pierces through the royal mummy!!!
The royal mummy is heavily damaged.
The silver javelin pierces through the mummy priest.
The mummy priest is lightly damaged.
The royal mummy calls on the powers of darkness!
The emperor scorpion convulses! x2; Your body is wracked with pain!
* * * LOW HITPOINT WARNING * * *
A royal mummy comes into view.
Unknown command.
Unknown command.
Throw: 21 javelins (silver)
Press: ? - help, Q - select action, (/) - cycle Shift-Dir - straight line, f/p - mummy priest
Aim: a mummy priest (lightly damaged, haloed, 93% to hit)
You throw a silver javelin.
The silver javelin pierces through the emperor scorpion!
The emperor scorpion is almost dead.
The silver javelin pierces through the emperor scorpion!!!
You kill the emperor scorpion!
The emperor scorpion's corpse disappears in a puff of smoke!
The Shining One accepts your kill.
The emperor scorpion disappears in a puff of smoke!
The death scarab disappears in a puff of smoke!
You feel a bit more experienced.
You feel extremely nervous for a moment...
Pain shoots through your body!!
* * * LOW HITPOINT WARNING * * *
The royal mummy calls on the powers of darkness!
Your body is wracked with pain!
* * * LOW HITPOINT WARNING * * *
The royal mummy points at you and mumbles some strange words.
Something smites you!
You die... #..........# #.. #..........# '(... #.8 #..........# .M..# . #.. #..........# ..M.#.. #.. #..........# MMBW.. #.8 #..........# §~VMB# #.. #..........# ~MMMM#M.

#.. #^.........####§MMMZ.. #.8
#.....†....##§@# ~ #..
#....†.....##~~# #..
#..........##### #.8
#......†...##################..
#..............................
#.............................8
#........†.....................
#..............................
#..............................


You could see 5 royal mummies, a guardian mummy and a vampire (summoned).

Vanquished Creatures
  Antaeus (Coc:7)
  Gloorx Vloq (Pan)
  Ignacio (Pan)
  Lom Lobon (Pan)
  7 dread liches
  2 ancient liches
  Mara (Depths:2)
  Mennas (Depths:4)
  2 juggernauts (Depths:3)
  Josephina (Arena)
  11 royal mummies
  22 pandemonium lords (Pan)
  Vv (Zot:3)
  7 shard shrikes
  A Killer Klown (Zot:2)
  A curse toe (Zot:3)
  Geryon (Hell)
  3 golden dragons
  8 caustic shrikes
  Norris (Elf:3)
  Jory (Depths:4)
  4 profane servitors
  19 Tzitzimimeh
  17 doom hounds
  9 Brimstone Fiends (Pan)
  30 bone dragons
  3 hellephants
  13 tentacled monstrosities
  A walking crystal tome (Depths:4)
  12 Hell Sentinels
  14 tainted leviathans
  Asterion (Snake:1)
  26 titans
  38 Ice Fiends
  13 liches
  Grunn (Crypt:2)
  11 sphinxes
  2 walking frostbound tomes (Abyss:4)
  A kraken (Abyss:4)
  13 deep elf blademasters
  40 Executioners
  A walking divine tome (Depths:3)
  2 quicksilver dragons
  4 acid blobs
  8 deep elf master archers
  5 death cobs
  21 ancient champions
  67 tentacled starspawn
  Kirke (Lair:5)
  Aizul (Snake:1)
  7 tengu reavers
  10 storm dragons
  4 thorn hunters
  5 nagarajas
  7 shadow dragons
  3 rockslimes
  3 revenants
  18 demonspawn warmongers (Pan)
  5 azure jellies
  2 draconian monks (Zot:2)
  2 daevas (Abyss:4)
  17 fire giants
  2 fenstrider witches (Swamp:3)
  3 quicksilver elementals
  The ghost of reggie the Thaumaturge, a journeyman DrHW of Sif Muna (Swamp:3)
  24 frost giants
  A draconian knight (IceCv)
  24 vault wardens
  36 balrugs
  3 iron dragons
  7 narguns
  2 spectral juggernauts
  5 spectral caustic shrikes
  5 orc warlords
  8 ghost moths
  3 draconian shifters
  42 cacodemons
  5 curse skulls
  Louise (Elf:3)
  2 draconian stormcallers
  9 deep elf sorcerers
  8 shard shrike simulacra
  3 draconian scorchers
  3 quicksilver oozes
  8 ghouls
  31 reapers
  A caustic shrike zombie (Abyss:4)
  7 deep elf elementalists
  23 demonspawn blood saints (Pan)
  An angel (Pan)
  24 demonspawn corrupters (Pan)
  27 stone giants
  39 very ugly things
  2 ophanim
  A caustic shrike skeleton (Abyss:2)
  3 spriggan defenders (Depths:3)
  2 draconian annihilators
  18 ironbound preservers
  10 war gargoyles
  4 starflowers (Abyss:2)
  8 deep elf demonologists
  Nessos (Lair:5)
  5 vampire knights
  14 wendigos
  19 demonspawn black suns (Pan)
  10 green draconians
  12 putrid mouths
  2 eleionomae (Swamp:3)
  7 ironbound thunderhulks
  7 dire elephants
  4 bunyips
  7 black draconians
  26 elemental wellsprings
  63 lorocyprocas
  4 purple draconians
  2 spectral titans
  9 deep elf annihilators
  8 red draconians
  15 white draconians
  7 yellow draconians
  6 spark wasps (Depths:3)
  Snorg (D:11)
  38 green deaths
  17 deep elf death magi
  8 eidola
  38 blizzard demons
  4 iron golems
  9 ettins
  24 jiangshi
  8 spectral spriggans
  4 entropy weavers
  A spectral iron giant (Tar:5)
  2 spectral quicksilver dragons
  4 crystal guardians
  2 shambling mangroves
  11 mummy priests
  8 deep elf high priests
  3 fire dragons
  12 great orbs of eyes
  An elf skeleton (Abyss:1)
  13 yaktaur captains
  3 peacekeepers
  15 rakshasas
  3 spriggan skeletons
  23 hydras
  42 vault guards
  7 juggernaut simulacra
  4 spriggan air magi
  9 ice dragons
  6 salamander tyrants
  8 ironbound frosthearts
  2 ghost crabs
  13 caustic shrike simulacra
  19 centaur warriors
  165 starcursed masses
  4 alligators
  2 ogre magi (Vaults:5)
  A catoblepas (D:11)
  6 death knights
  5 boulder beetles
  14 hell beasts
  7 anacondas
  32 dancing weapons
  20 naga warriors
  5 two-headed ogres
  22 death scarabs (Tomb:1)
  8 deep troll shamans
  33 demonic crawlers
  6 tengu warriors
  11 deep troll earth magi
  8 spriggan berserkers
  7 occultists
  9 naga sharpshooters
  43 thrashing horrors
  13 hell hogs
  7 vampire magi
  4 orc high priests
  74 soul eaters
  2 spectral dire elephants
  27 deep elf knights
  A shock serpent (shapeshifter) (Elf:1)
  11 hell knights
  Sonja (D:11)
  36 wretched stars
  146 sun demons
  A storm dragon zombie (Tomb:1)
  19 shadow wraiths
  9 iron trolls
  5 shock serpents
  A titan skeleton (Abyss:4)
  4 skysharks
  3 spatial maelstroms
  6 quicksilver dragon simulacra
  42 sixfirhies
  33 skeletal warriors
  A deep troll (shapeshifter) (Vaults:5)
  4 spectral anacondas
  2 spectral bunyips
  4 salamander mystics
  6 flayed ghosts
  5 spriggan druids
  9 glowing orange brains
  An orb spider (Abyss:4)
  13 swamp dragons
  31 shadow demons
  73 deep trolls
  18 ironbound convokers
  A glowing orange brain (shapeshifter) (Vaults:5)
  2 bunyip skeletons
  A cherub (Pan)
  Pikel (D:9)
  6 goliath frogs
  4 anaconda skeletons
  7 arcanists
  11 phantasmal warriors
  4 naga ritualists
  20 deep elf archers
  2 spectral iron dragons
  2 orange crystal statues
  An anaconda zombie (Abyss:4)
  12 lindwurms
  3 spriggan simulacra
  2 golden dragon skeletons
  4 harpies
  43 deep elf pyromancers
  29 deep elf zephyrmancers
  10 bog bodies
  6 necromancers
  2 spectral ettins
  2 wolf spiders (Lair:5)
  8 mana vipers
  A mana viper (shapeshifter) (Vaults:5)
  41 ugly things
  9 will-o-the-wisps
  9 orc knights
  8 orc sorcerers
  4 cyclopes
  2 manticores
  27 salamanders
  A spectral alligator snapping turtle (Tar:1)
  3 shining eyes
  A cyclops (shapeshifter) (Abyss:4)
  20 worldbinders
  A faun (shapeshifter) (Vaults:5)
  An elephant (shapeshifter) (Abyss:2)
  189 large abominations
  14 moths of wrath
  A black mamba (shapeshifter) (Elf:1)
  A fire giant skeleton (Crypt:1)
  9 apocalypse crabs
  13 naga magi
  5 guardian serpents
  2 kobold blastminers (Orc:2)
  5 titan simulacra
  42 black mambas
  An ice statue (Elf:3)
  An iron dragon skeleton (Crypt:1)
  6 rust devils
  4 molten gargoyles
  22 elephants
  23 vault sentinels
  A torpor snail (Lair:5)
  128 smoke demons
  4 gargoyles
  2 eyes of devastation
  An emperor scorpion simulacrum (Coc:1)
  An eye of devastation (shapeshifter) (Elf:1)
  5 storm dragon simulacra (IceCv)
  60 orange demons
  13 cane toads
  2 kobold demonologists (Abyss:4)
  5 unseen horrors
  An unseen horror (shapeshifter) (D:15)
  2 centaur skeletons
  A rime drake (shapeshifter) (Abyss:4)
  6 anaconda simulacra
  10 ice devils
  39 yaktaurs
  16 efreet
  11 komodo dragons
  2 bunyip simulacra (Coc:1)
  2 rime drakes (Lair:5)
  5 tengu conjurers
  23 hellions
  49 tormentors
  12 freezing wraiths
  3 iron giant simulacra
  A red draconian skeleton (Crypt:1)
  3 hydra zombies
  11 golden dragon simulacra
  A pale draconian skeleton (Crypt:2)
  A queen bee (shapeshifter) (Elf:1)
  14 guardian mummies
  22 red devils
  8 trolls
  4 spectral harpies
  36 ancient zymes
  A troll (shapeshifter) (Abyss:4)
  39 hellwings
  15 wind drakes (Pan)
  3 harpy zombies
  A shadow dragon simulacrum (Coc:1)
  2 silent spectres
  A meliai (shapeshifter) (Abyss:2)
  3 meliai (D:14)
  A tarantella (shapeshifter) (Depths:4)
  A bloated husk (Swamp:1)
  A hornet (shapeshifter) (Elf:1)
  A polar bear (shapeshifter) (Abyss:4)
  4 harpy skeletons
  A tengu simulacrum (Depths:4)
  2 polar bears (Lair:1)
  12 tyrant leeches
  14 hornets
  A tarantella zombie (Crypt:2)
  31 blink frogs
  6 iron dragon simulacra
  2 glass eyes
  A wind drake (shapeshifter) (Elf:1)
  78 raiju
  A fire dragon skeleton (Pan)
  18 dream sheep
  75 slime creatures
  3 stone giant simulacra
  65 flying skulls
  8 spriggans
  A spectral black mamba (Tar:1)
  5 air elementals
  A centaur simulacrum (D:15)
  90 ynoxinuls
  A culicivora (shapeshifter) (Vaults:5)
  An ice dragon skeleton (Crypt:1)
  A wyvern (shapeshifter) (Abyss:2)
  A spriggan (shapeshifter) (Elf:1)
  4 shadows
  12 wraiths
  2 ettin skeletons
  10 water elementals
  6 dire elephant simulacra
  A slime creature zombie (Crypt:1)
  5 vampires
  3 fire elementals
  A yak (shapeshifter) (Elf:1)
  4 hogs (Lair:5)
  39 yaks
  A human (shapeshifter) (Abyss:4)
  A black mamba skeleton (Crypt:2)
  3 humans (Lair:5)
  6 ushabtiu
  16 golden eyes
  A steam dragon (shapeshifter) (Vaults:5)
  11 fire bats
  53 neqoxecs
  16 wyverns
  90 chaos spawn
  2 alligator snapping turtle simulacra (Coc:3)
  2 steam dragons
  13 vampire mosquitoes
  6 basilisks
  25 harpy simulacra
  45 nagas
  3 spatial vortices
  Menkaure (D:4)
  9 wargs
  4 redbacks
  A merfolk zombie (Crypt:1)
  19 swamp worms
  A two-headed ogre zombie (D:10)
  5 acid dragons
  A naga (shapeshifter) (Elf:1)
  A merfolk skeleton (Crypt:1)
  22 water moccasins
  16 hell hounds
  3 hydra simulacra
  29 orc warriors
  12 swamp drakes
  3 sky beasts (D:7)
  7 ettin simulacra
  An ice beast (D:6)
  A meliai simulacrum (D:15)
  3 black bears
  An elephant zombie (D:10)
  A dream sheep zombie (Crypt:2)
  4 ice dragon simulacra (IceCv)
  6 ogres
  A boggart (D:11)
  7 wolves
  7 centaurs
  A phantom (D:5)
  18 bullfrogs
  9 brain worms
  9 kobold brigands
  A bullfrog (shapeshifter) (Abyss:2)
  6 necrophages
  10 earth elementals
  69 small abominations
  6 gnoll sergeants
  3 scorpions
  3 naga simulacra
  17 wights
  8 spriggan zombies
  5 lindwurm simulacra (IceCv)
  3 killer bees (D:8)
  4 howler monkeys
  2 wolf zombies (D:10)
  3 electric eels
  3 centaur zombies
  3 crimson imps
  5 lava snakes (Volcano)
  12 quasits
  8 hounds
  16 orc priests
  2 iguanas
  12 jellies
  5 gnoll boudas
  12 iron imps
  27 orc wizards
  9 hell rats
  4 killer bee zombies
  26 mummies
  35 gnolls
  3 river rats (Sewer)
  12 adders
  2 shadow imps
  13 white imps
  23 ufetubi
  2 dart slugs
  86 orcs
  17 ball pythons
  22 endoplasms
  4 giant cockroaches
  5 hobgoblins
  6 jackals
  13 kobolds
  4 quokkas
  5 bats
  A frilled lizard (D:1)
  6 gnoll skeletons (Ossuary)
  4 goblins
  2 hobgoblin zombies (D:8)
  6 kobold skeletons (Ossuary)
  13 orc skeletons (Ossuary)
  A quokka skeleton (Crypt:1)
  28 rats
  A rat zombie (Crypt:2)
  A butterfly (Lair:1)
  6 lurking horrors
  2 spectral weapons (Snake:1)
  39 starspawn tentacles
  5 tentacles (Abyss:4)
5433 creatures vanquished.

Vanquished Creatures (collateral kills)
  Cerebov (Pan)
  Mnoleg (Pan)
  A royal mummy (Tomb:1)
  A pandemonium lord (Pan)
  3 caustic shrikes (Dis:4)
  A tentacled monstrosity (Pan)
  An ancient champion (Tomb:2)
  A demonspawn warmonger (Pan)
  A revenant (Tomb:2)
  A quicksilver elemental (Dis:4)
  A caustic shrike skeleton (Tomb:2)
  4 cacodemons (Pan)
  A very ugly thing (Pan)
  2 bennus (Tomb:2)
  A mummy priest (Tomb:2)
  An elf skeleton (Tomb:2)
  5 sixfirhies (Pan)
  A skeletal warrior (Tomb:2)
  A shining eye (Pan)
  An ugly thing (Pan)
  3 large abominations (Pan)
  6 orange demons (Pan)
  A hellion (Dis:4)
  3 guardian mummies (Tomb:2)
  A glass eye (Pan)
  5 flying skulls (Tomb:2)
  11 neqoxecs (Pan)
  A chaos spawn (Pan)
  13 mummies (Tomb:2)
74 creatures vanquished.

Vanquished Creatures (others)
  A titan (Pan)
  An eldritch tentacle (Pan)
  A shard shrike simulacrum (Coc:6)
  A draconian annihilator (Depths:4)
  A demonspawn corrupter (Pan)
  2 demonspawn blood saints (Pan)
  A wendigo (Coc:3)
  A caustic shrike simulacrum (Coc:5)
  2 rakshasas (Pan)
  A juggernaut simulacrum (Coc:7)
  A spriggan air mage (Pan)
  An occultist (D:13)
  A deep troll (Depths:1)
  An arcanist (D:14)
  A large abomination (Abyss:2)
  A storm dragon simulacrum (Depths:4)
  A red devil (Pan)
  A hellwing (Pan)
  A wind drake (Pan)
  A bloated husk (Swamp:3)
  An iron dragon simulacrum (Coc:4)
  A ynoxinul (Abyss:4)
  2 stone giant simulacra
  A water elemental (Depths:1)
  A yak (D:11)
  An alligator snapping turtle simulacrum (Coc:3)
  2 chaos spawn
  3 dire elephant simulacra
  2 small abominations
  An ettin simulacrum (Coc:4)
  An orc wizard (Orc:2)
  36 foxfires
  4 lurking horrors (Abyss:4)
  102 starspawn tentacles
  3 tentacles (Abyss:4)
183 creatures vanquished.

Grand Total: 5690 creatures vanquished

Notes
Turn   | Place    | Note
-------+----------+-------------------------------------------
     0 | D:1      | gruber the Minotaur Fighter began the quest for the Orb.
     0 | D:1      | Reached XP level 1. HP: 19/19 MP: 0/0
   152 | D:1      | Reached XP level 2. HP: 26/26 MP: 1/1
   532 | D:2      | Reached XP level 3. HP: 23/31 MP: 2/2
  1250 | D:3      | Reached skill level 5 in Maces & Flails
  1332 | D:3      | You fall into a shaft and drop 3 floors!
  1387 | D:5      | Entered Level 5 of the Dungeon
  1436 | D:5      | Reached XP level 4. HP: 39/39 MP: 3/3
  1547 | D:5      | Noticed an ogre
  1555 | D:5      | Killed an ogre
  1556 | D:5      | Reached XP level 5. HP: 45/45 MP: 4/4
  1556 | D:5      | Noticed a water moccasin
  1565 | D:5      | Killed a water moccasin
  1579 | D:5      | Reached XP level 6. HP: 39/51 MP: 5/5
  1958 | D:4      | Reached XP level 7. HP: 57/57 MP: 6/6
  2127 | D:4      | Found a glowing drain.
  2132 | Sewer    | Entered a sewer
  2370 | Sewer    | Reached skill level 10 in Maces & Flails
  2794 | D:4      | Reached XP level 8. HP: 59/64 MP: 7/7
  3255 | D:4      | Noticed Menkaure
  3260 | D:4      | Killed Menkaure
  3261 | D:4      | Reached skill level 5 in Armour
  3717 | D:5      | Found the ring of the Tortoise {AC+8}
  3844 | D:5      | Found a glowing silver altar of Zin.
  3844 | D:5      | Noticed an angel
  4171 | D:6      | Found Evumiergh's General Store.
  4938 | D:7      | Reached skill level 5 in Fighting
  5078 | D:7      | Reached skill level 5 in Shields
  5078 | D:7      | Reached XP level 9. HP: 72/74 MP: 8/8
  5274 | D:7      | Found a burning altar of Makhleb.
  5651 | D:7      | Found a staircase to the Ecumenical Temple.
  5806 | Temple   | Found a transporter.
  5806 | Temple   | Found a transporter.
  5806 | Temple   | Found a transporter.
  5806 | Temple   | Found a transporter.
  5806 | Temple   | Entered the Ecumenical Temple
  5825 | Temple   | Became a worshipper of Warmaster Okawaru
  5978 | D:8      | Found Wunoffe's Book Emporium.
  5997 | D:8      | Reached skill level 10 in Shields
  6024 | D:8      | Found a sand-covered staircase.
  6033 | Ossuary  | Entered an ossuary
  6303 | D:8      | Found a shimmering altar of Xom.
  6451 | D:8      | Reached * piety under Okawaru
  6481 | D:8      | Identified the ring "Epnicaut" {Will++ Str+6 SInv}
  6587 | D:8      | Reached XP level 10. HP: 83/83 MP: 9/9
  6724 | D:9      | Noticed Pikel
  6741 | D:9      | Killed Pikel
  6780 | D:9      | Reached ** piety under Okawaru
  7087 | D:9      | Reached skill level 1 in Dodging
  7227 | D:9      | Reached *** piety under Okawaru
  7566 | D:10     | Entered Level 10 of the Dungeon
  7695 | D:10     | Found an ancient bone altar of Kikubaaqudgha.
  7720 | D:10     | Reached skill level 5 in Dodging
  7822 | D:10     | Found a staircase to the Orcish Mines.
  8040 | D:10     | Reached **** piety under Okawaru
  8041 | D:10     | Reached XP level 11. HP: 73/97 MP: 10/10
  8270 | D:10     | Found a staircase to the Lair.
  8632 | D:11     | Reached ***** piety under Okawaru
  8791 | D:11     | Noticed a stone giant
  8807 | D:11     | Noticed a deep elf zephyrmancer
  8813 | D:11     | Killed a stone giant
  8817 | D:11     | Noticed a brown ugly thing
  8819 | D:11     | Noticed an ettin
  8834 | D:11     | Killed a brown ugly thing
  8835 | D:11     | Reached skill level 10 in Armour
  8839 | D:11     | Killed an ettin
  8840 | D:11     | Identified the +2 sling "Wiecow" {drain, rC+ Int+3}
  8840 | D:11     | Noticed a centaur warrior
  8847 | D:11     | Killed a deep elf zephyrmancer
  8856 | D:11     | Noticed a deep elf zephyrmancer
  9209 | D:11     | Killed a centaur warrior
  9268 | Lair:1   | Entered Level 1 of the Lair of Beasts
  9328 | Lair:1   | Received a gift from Okawaru
  9404 | Lair:1   | You fall into a shaft and drop 1 floor!
  9413 | Lair:2   | Found a staircase to the Snake Pit.
  9494 | Lair:2   | Reached XP level 12. HP: 104/104 MP: 11/11
  9840 | Lair:2   | Received a gift from Okawaru
  9993 | Lair:2   | Found a staircase to the Swamp.
 11175 | Lair:1   | Reached ****** piety under Okawaru
 11175 | Lair:1   | Received a gift from Okawaru
 11547 | Lair:3   | Reached skill level 15 in Shields
 11890 | Lair:3   | Reached XP level 13. HP: 44/111 MP: 12/12
 11899 | Lair:3   | Received a gift from Okawaru
 11903 | Lair:3   | Acquired the +10 eveningstar "Qaoph" {freeze, rCorr Int+5}
 11903 | Lair:3   | Received a gift from Okawaru
 13084 | Lair:4   | Received a gift from Okawaru
 13412 | Lair:4   | Found a dark tunnel.
 13430 | Volcano  | Entered a volcano
 13607 | Volcano  | Received a gift from Okawaru
 13756 | Volcano  | Found a burning altar of Makhleb.
 13777 | Volcano  | Reached skill level 15 in Maces & Flails
 14293 | Lair:5   | Entered Level 5 of the Lair of Beasts
 14518 | Lair:5   | Reached XP level 14. HP: 118/118 MP: 6/13
 14525 | Lair:5   | Reached skill level 1 in Invocations
 14539 | Lair:5   | Received a gift from Okawaru
 14585 | Lair:5   | Reached skill level 5 in Invocations
 15162 | Lair:5   | Acquired the scarf of Okawaru's Regard {rC+ rF+, SInv}
 15162 | Lair:5   | Received a gift from Okawaru
 15269 | Arena    | Entered the Arena
 15297 | Arena    | Identified a scroll of acquirement
 15565 | Lair:5   | Noticed Nessos
 15574 | Lair:5   | Killed Nessos
 15574 | Lair:5   | Noticed Kirke
 15582 | Lair:5   | Killed Kirke
 15762 | Lair:5   | Found a staircase to the Slime Pits.
 15902 | Lair:5   | Received a gift from Okawaru
 16236 | Orc:1    | Entered Level 1 of the Orcish Mines
 16429 | Orc:1    | Found Fuduodeu's CLEARANCE SALE!.
 16447 | Orc:1    | Noticed an orc warlord
 16464 | Orc:1    | Killed an orc warlord
 16517 | Orc:1    | Reached skill level 10 in Fighting
 16602 | Orc:1    | Found a burning altar of Makhleb.
 16672 | Orc:2    | Entered Level 2 of the Orcish Mines
 16681 | Orc:2    | Found Rumerriv's Jewellery Shop.
 16701 | Orc:2    | Noticed an orc warlord
 16724 | Orc:2    | Killed an orc warlord
 16727 | Orc:2    | Noticed an orc warlord
 16739 | Orc:2    | Killed an orc warlord
 16880 | Orc:2    | Found Ziczau's Book Shop.
 16954 | Orc:2    | Found a staircase to the Elven Halls.
 17095 | Orc:2    | Noticed an orc warlord
 17114 | Orc:2    | Killed an orc warlord
 17421 | Orc:2    | Found Ittyul's Armour Shop.
 17441 | Orc:2    | Received a gift from Okawaru
 17549 | Orc:2    | Reached XP level 15. HP: 90/134 MP: 17/20
 17886 | Orc:2    | Found Irasi's Armour Emporium.
 17893 | Orc:2    | Found Jizuaryiw's Jewellery Emporium.
 17895 | Orc:2    | Found Zosko's General Store.
 18112 | D:11     | Identified the +6 dagger of the Wraith {holy, Dex+2}
 18116 | D:11     | Identified the +4 shortbow "Laetaon" {heavy, rElec}
 18169 | D:11     | Noticed Snorg
 18182 | D:11     | Killed Snorg
 18267 | D:11     | Received a gift from Okawaru
 18396 | D:11     | Identified the +1 robe of Faroator {rCorr Archmagi}
 18396 | D:11     | Noticed Sonja
 18401 | D:11     | Killed Sonja
 18576 | D:11     | Identified the staff "Faujiwn" {Conj Poison}
 19134 | D:12     | Acquired the +1 hat of Idealism {Rampage rElec}
 19854 | D:13     | Reached skill level 15 in Armour
 19859 | D:13     | Received a gift from Okawaru
 20489 | D:14     | Found a shadowy altar of Dithmenos.
 20544 | D:14     | Found a gate to the Vaults.
 21511 | D:14     | Received a gift from Okawaru
 21813 | D:15     | Entered Level 15 of the Dungeon
 22205 | D:15     | Found a hide-covered altar of Uskayaw.
 22318 | D:15     | Found a staircase to the Depths.
 22748 | Swamp:1  | Entered Level 1 of the Swamp
 22965 | Swamp:1  | Received a gift from Okawaru
 22966 | Swamp:1  | Reached XP level 16. HP: 126/146 MP: 21/21
 23716 | Swamp:2  | Found the +8 longbow "Zephyr" {speed, Dex+3 SInv}
 24499 | Swamp:2  | Received a gift from Okawaru
 24852 | Swamp:2  | Identified the +0 buckler of Dishonour {*Corrode Str+3
                  | SInv}
 25033 | Swamp:2  | Identified the +5 war axe of Qelogah {heavy, Drain rElec
                  | rC- rCorr}
 25367 | Swamp:3  | Noticed reggie's ghost (journeyman DrHW)
 25411 | Swamp:3  | Found a transporter.
 25414 | Swamp:3  | Found a transporter.
 25422 | Swamp:3  | Noticed a thorn hunter
 25429 | Arena    | Entered the Arena
 25437 | Arena    | Killed a thorn hunter
 25649 | Swamp:3  | Received a gift from Okawaru
 25658 | Swamp:3  | Noticed a thorn hunter
 25660 | Arena    | Entered the Arena
 25663 | Arena    | HP: 2/146 [thorn hunter/volley of thorns (26)]
 25668 | Arena    | Killed a thorn hunter
 25674 | Swamp:3  | HP: 7/146 [bog body (7)]
 26144 | Elf:1    | Entered Level 1 of the Elven Halls
 26269 | Elf:1    | Found a frozen archway.
 26308 | Elf:1    | Received a gift from Okawaru
 26343 | IceCv    | Entered an ice cave
 26699 | IceCv    | Reached skill level 15 in Fighting
 26897 | IceCv    | Identified the ring of Xitzeasch {rF+ Int+2}
 27252 | Elf:1    | Paralysed by an air elemental for 1 turns
 27291 | Elf:1    | Received a gift from Okawaru
 27292 | Elf:1    | Reached XP level 17. HP: 109/157 MP: 22/22
 28462 | Elf:2    | Found Ufaelus's Magic Scroll Shoppe.
 28471 | Elf:2    | Bought a scroll of acquirement for 676 gold pieces
 28473 | Elf:2    | Acquired the +3 pair of gauntlets of War {Slay+5}
 28473 | Elf:2    | Found the +3 pair of gauntlets of War {Slay+5}
 28545 | Elf:2    | Received a gift from Okawaru
 28934 | Elf:2    | Found a runed translucent door.
 28984 | Elf:2    | Found a runed translucent door.
 29249 | Elf:2    | Received a gift from Okawaru
 29905 | Elf:3    | Entered Level 3 of the Elven Halls
 29905 | Elf:3    | Found Tuat's Jewellery Shop.
 30066 | Elf:3    | Noticed Norris
 30085 | Elf:3    | Killed Norris
 30638 | Elf:3    | Received a gift from Okawaru
 30684 | Elf:3    | Found a radiant altar of Vehumet.
 30719 | Elf:3    | Found Asmyts's Armour Shoppe.
 30851 | Elf:3    | Found Tasuosam's Armour Boutique.
 30855 | Elf:3    | Found Jofoth's General Store.
 31469 | Elf:3    | Reached XP level 18. HP: 180/180 MP: 23/23
 31860 | Elf:3    | Reached skill level 1 in Throwing
 32124 | Elf:3    | Identified the +3 chain mail "Muphauka" {Int+3}
 32230 | Elf:3    | Identified the +6 executioner's axe of Awkwardness {vamp,
                  | Int-4 Dex+5}
 32230 | Elf:3    | Identified the +1 ring mail of Intercession {Int+2 SInv}
 32277 | Elf:3    | Identified the +7 battleaxe of Tanov {drain, rPois Dex+4}
 32277 | Elf:3    | Identified the ring "Natuleos" {rN+ Will+++ EV+5 Int-3
                  | Dex-2}
 32297 | Elf:3    | Reached skill level 5 in Throwing
 32327 | Elf:3    | Identified the +2 spear of Kuliocec {freeze, *Rage rF+ rC+}
 32327 | Elf:3    | Identified the +0 chain mail "Gacs" {rN+ Str+5}
 32411 | Elf:3    | Identified the +5 mace "Tamyvuij" {heavy, rF+ Will+ Int-4
                  | Dex+5}
 32426 | Elf:3    | Noticed Louise
 33060 | Elf:3    | Received a gift from Okawaru
 33068 | Elf:3    | Killed Louise
 33700 | Elf:3    | Identified the staff of Fotulupt {Fragile rN+ Will+ Int+3
                  | Earth}
 33704 | Elf:3    | Identified the +1 rapier "Qeliorph" {flame, Dex+5 SInv}
 34154 | Swamp:3  | Received a gift from Okawaru
 34155 | Swamp:3  | Reached skill level 10 in Throwing
 34167 | Swamp:3  | Killed reggie's ghost
 34196 | Swamp:3  | Identified the ring "Atruwu" {Wiz Str+6 Stlth+}
 34946 | Swamp:4  | Entered Level 4 of the Swamp
 35555 | Swamp:4  | Identified the +0 ring mail of Xesikar {rPois Will- Str+3
                  | Dex+4}
 35584 | Swamp:4  | Received a gift from Okawaru
 35585 | Swamp:4  | Reached XP level 19. HP: 178/187 MP: 22/24
 35777 | Swamp:4  | Got a decaying rune of Zot
 36091 | Vaults:1 | Entered Level 1 of the Vaults
 36338 | Vaults:1 | Found Cungeh's Distillery.
 36346 | Vaults:1 | Bought a potion of heal wounds for 95 gold pieces
 36346 | Vaults:1 | Bought a potion of heal wounds for 95 gold pieces
 37504 | Vaults:2 | Received a gift from Okawaru
 37870 | Vaults:2 | Found a staircase to the Crypt.
 37870 | Vaults:2 | Found an ancient bone altar of Kikubaaqudgha.
 37887 | Vaults:2 | Found a basalt altar of Yredelemnul.
 38234 | Vaults:2 | Received a gift from Okawaru
 38614 | Vaults:2 | Identified the +2 scimitar of Causality {holy, rN++ rCorr
                  | Str+3 Dex-3}
 38711 | Vaults:3 | Reached skill level 10 in Dodging
 38907 | Vaults:3 | Received a gift from Okawaru
 39188 | Vaults:3 | Reached XP level 20. HP: 178/195 MP: 22/25
 39499 | Arena    | Entered the Arena
 40067 | Vaults:3 | Received a gift from Okawaru
 40292 | Vaults:3 | Identified the +3 leather armour of Goxkyrph {Harm Dex+4}
 40771 | Vaults:4 | Found the brooch of Shielding {Spirit SH+8}
 40789 | Vaults:4 | Identified the +7 sling "Sosuoxt" {drain, rElec rPois
                  | rCorr}
 41465 | Vaults:4 | Received a gift from Okawaru
 42318 | Depths:1 | Entered Level 1 of the Depths
 42506 | Depths:1 | Reached XP level 21. HP: 166/202 MP: 15/26
 42884 | Depths:1 | Found a one-way gateway to a ziggurat.
 43000 | Depths:1 | Received a gift from Okawaru
 43074 | Depths:1 | Found a gateway to Hell.
 43303 | Depths:2 | Found a one-way gate leading to the halls of Pandemonium.
 43460 | Depths:2 | Noticed Mara
 43463 | Depths:2 | Noticed gruber's illusion
 43465 | Depths:2 | Found a magical portal.
 43478 | Depths:2 | Killed Mara
 43580 | Depths:2 | Found a one-way gate to the infinite horrors of the Abyss.
 44414 | Depths:2 | Identified the staff "Biahoe" {rC+ Will+ Ice}
 44995 | Depths:3 | Noticed a juggernaut
 44999 | Depths:3 | Noticed a juggernaut
 45004 | Depths:3 | Received a gift from Okawaru
 45018 | Depths:3 | Killed a juggernaut
 45023 | Depths:3 | Killed a juggernaut
 45338 | Depths:3 | Identified the orb of the Valley of Death {guile, Str+2}
 45391 | Depths:3 | You fall into a shaft and drop 1 floor!
 45391 | Depths:4 | Entered Level 4 of the Depths
 45425 | Depths:4 | Identified the ring "Voqunoawk" {Ice Will++}
 45425 | Depths:4 | Noticed Josephina
 45429 | Depths:4 | Noticed Jory
 45432 | Arena    | Entered the Arena
 45442 | Arena    | Killed Josephina
 45484 | Depths:4 | Killed Jory
 45715 | Depths:4 | Reached XP level 22. HP: 204/215 MP: 24/27
 46265 | Depths:3 | Received a gift from Okawaru
 46881 | Depths:4 | Noticed a golden dragon
 47026 | Depths:4 | Found Icuener's Jewellery Emporium.
 47105 | Depths:4 | Noticed Mennas
 47126 | Depths:4 | Killed Mennas
 47232 | Depths:4 | Noticed a caustic shrike
 48267 | Depths:4 | Killed a golden dragon
 48778 | D:6      | Bought a scroll of enchant armour for 82 gold pieces
 49370 | Depths:4 | Learned a level 2 spell: Blink
 49636 | Depths:4 | Found a gate to the Realm of Zot.
 50101 | Crypt:1  | Entered Level 1 of the Crypt
 50340 | Crypt:1  | Received a gift from Okawaru
 50767 | Slime:1  | Entered Level 1 of the Pits of Slime
 50858 | Slime:1  | Reached skill level 15 in Dodging
 51371 | Slime:2  | Gained mutation: You are dopey. (Int -2) [a shining eye]
 51377 | Slime:2  | Received a gift from Okawaru
 52699 | Depths:2 | Voluntarily entered the Abyss.
 52928 | Abyss:1  | Found a corrupted altar of Lugonu.
 52982 | Abyss:1  | Found a corrupted altar of Lugonu.
 52992 | Abyss:1  | Found a corrupted altar of Lugonu.
 53251 | Abyss:1  | Received a gift from Okawaru
 54269 | Abyss:1  | Noticed a dread lich
 54276 | Abyss:1  | Killed a dread lich
 54284 | Abyss:1  | Paralysed by accursed screaming for 1 turns
 54411 | Abyss:1  | Reached XP level 23. HP: 217/223 MP: 28/28
 54660 | Abyss:1  | Received a gift from Okawaru
 55387 | Abyss:1  | Noticed an ancient lich
 55398 | Abyss:1  | Killed an ancient lich
 55418 | Abyss:1  | Paralysed by accursed screaming for 1 turns
 55430 | Abyss:1  | Paralysed by accursed screaming for 1 turns
 55554 | Abyss:1  | Received a gift from Okawaru
 55935 | Abyss:2  | Found a corrupted altar of Lugonu.
 55955 | Abyss:2  | Found a corrupted altar of Lugonu.
 56067 | Abyss:2  | Found a corrupted altar of Lugonu.
 56911 | Abyss:2  | Found a corrupted altar of Lugonu.
 56960 | Abyss:2  | Found a corrupted altar of Lugonu.
 56964 | Abyss:2  | Found a corrupted altar of Lugonu.
 56978 | Abyss:2  | Received a gift from Okawaru
 57003 | Abyss:2  | Found a corrupted altar of Lugonu.
 57388 | Abyss:2  | Found a corrupted altar of Lugonu.
 57409 | Abyss:2  | Found a corrupted altar of Lugonu.
 57409 | Abyss:2  | Found a corrupted altar of Lugonu.
 57649 | Abyss:2  | Found a corrupted altar of Lugonu.
 57649 | Abyss:2  | Found a corrupted altar of Lugonu.
 57649 | Abyss:2  | Found a corrupted altar of Lugonu.
 57652 | Abyss:2  | Reached XP level 24. HP: 219/231 MP: 26/28
 57721 | Abyss:2  | Received a gift from Okawaru
 57859 | Abyss:2  | Found an ancient bone altar of Kikubaaqudgha.
 57876 | Abyss:2  | Found an ancient bone altar of Kikubaaqudgha.
 58044 | Abyss:2  | Found a corrupted altar of Lugonu.
 58073 | Abyss:2  | Gained mutation: You occasionally lose the ability to read
                  | scrolls when taking damage. [a neqoxec]
 58227 | Abyss:2  | Reached skill level 15 in Throwing
 58491 | Abyss:2  | Found a corrupted altar of Lugonu.
 58525 | Abyss:2  | Received a gift from Okawaru
 58557 | Abyss:2  | Gained mutation: Your body sometimes deteriorates upon
                  | taking damage. [a neqoxec]
 58608 | Abyss:2  | Found a corrupted altar of Lugonu.
 58690 | Abyss:2  | Paralysed by accursed screaming for 1 turns
 58699 | Abyss:2  | Paralysed by accursed screaming for 1 turns
 58869 | Abyss:2  | Found a corrupted altar of Lugonu.
 59476 | Abyss:2  | Received a gift from Okawaru
 60214 | Depths:2 | Escaped the Abyss
 60510 | Temple   | Fell from the grace of Okawaru
 60510 | Temple   | Became a worshipper of the Shining One
 60913 | Crypt:1  | Reached * piety under the Shining One
 61632 | Crypt:1  | Reached ** piety under the Shining One
 61668 | Crypt:2  | Noticed Grunn
 61695 | Crypt:2  | Killed Grunn
 61745 | Crypt:2  | Reached *** piety under the Shining One
 62032 | Crypt:2  | Reached XP level 25. HP: 238/238 MP: 28/28
 62568 | Crypt:3  | Entered Level 3 of the Crypt
 62569 | Crypt:3  | Reached **** piety under the Shining One
 62650 | Crypt:3  | Reached ***** piety under the Shining One
 62682 | Crypt:3  | Found an ancient bone altar of Kikubaaqudgha.
 62730 | Crypt:3  | Reached ****** piety under the Shining One
 63028 | Crypt:3  | Identified the ring "Muuczito" {rF+ rC+ MP+9 Dex+2}
 63035 | Crypt:3  | Reached skill level 10 in Invocations
 63178 | Crypt:3  | Found a staircase to the Tomb.
 63221 | Crypt:3  | Identified the ring "Hurummetea" {rN+ Str+3 Int+3}
 63221 | Crypt:3  | Identified the ring of Mysticism {rN+ rCorr SInv}
 63373 | Crypt:3  | Got Rytudoill's Elucidation of Summoning
 63685 | Crypt:3  | Upgraded the game from 0.31-a0-1144-g99969ba1bc to
                  | 0.31-a0-1154-gadca813884
 64032 | Vaults:5 | Entered Level 5 of the Vaults
 64837 | Vaults:5 | Identified the +2 leather armour of Tulips {Contam rElec
                  | Str+8 SInv}
 64923 | Vaults:5 | Reached skill level 15 in Invocations
 64926 | Vaults:5 | Identified the ring of Vost {rElec rN+ rCorr Str-2 Dex+3}
 64968 | Vaults:5 | Noticed a dread lich
 64976 | Vaults:5 | Killed a dread lich
 65125 | Vaults:5 | Reached XP level 26. HP: 202/246 MP: 33/33
 65246 | Vaults:5 | Got a silver rune of Zot
 65273 | Vaults:5 | Noticed a dread lich
 65282 | Vaults:5 | Killed a dread lich
 65708 | Vaults:5 | Identified the staff of Vodun {rC+ Earth}
 65744 | Vaults:5 | Was forgiven by Okawaru
 65983 | Vaults:5 | Identified the staff "Ozeyrch" {rN+ Conj}
 66466 | Snake:1  | Entered Level 1 of the Snake Pit
 66499 | Snake:1  | Noticed Asterion
 66514 | Snake:1  | Killed Asterion
 66625 | Snake:1  | Identified the serpent talisman "Lomag" {+Blink Will+
                  | Str+2}
 66625 | Snake:1  | Noticed Aizul
 66633 | Snake:1  | Killed Aizul
 66892 | Snake:1  | Found Ejast's Jewellery Shoppe.
 67231 | Snake:1  | Found Irumnoaco's Book Boutique.
 67232 | Snake:1  | Found Qadu's Jewellery Shoppe.
 68610 | Snake:3  | Found Alool's Book Emporium.
 68714 | Snake:3  | Found Moenatro's Antique Armour Shoppe.
 69484 | Snake:4  | Entered Level 4 of the Snake Pit
 70082 | Snake:4  | Got a serpentine rune of Zot
 70186 | Snake:4  | Found Zurriona's Armour Boutique.
 71097 | Zot:1    | Entered Level 1 of the Realm of Zot
 71403 | Zot:1    | Found an opulent altar of Gozag.
 71525 | Zot:1    | Reached skill level 27 in Shields
 72028 | Zot:2    | Identified the +3 rapier of Tinu {venom, rElec rF+}
 73128 | Zot:3    | Reached XP level 27. HP: 254/254 MP: 33/33
 73554 | Zot:3    | Noticed Vv
 73581 | Zot:3    | Killed Vv
 74792 | D:10     | Upgraded the game from 0.31-a0-1154-gadca813884 to
                  | 0.31-a0-1178-gc5c9b8f871
 74950 | Hell     | Entered the Vestibule of Hell
 74950 | Hell     | Noticed Geryon
 74968 | Hell     | Killed Geryon
 75049 | Hell     | Found a gateway to the ashen valley of Gehenna.
 75131 | Hell     | Found a gateway to the freezing wastes of Cocytus.
 75191 | Hell     | Found a gateway to the Iron City of Dis.
 75384 | Hell     | Found a gateway to the decaying netherworld of Tartarus.
 75621 | Pan      | Entered Pandemonium
 75651 | Pan      | Noticed Gyap the pandemonium lord
 75661 | Pan      | Killed Gyap the pandemonium lord
 76850 | Pan      | Noticed Seityil the pandemonium lord
 76865 | Pan      | Killed Seityil the pandemonium lord
 77341 | Pan      | Noticed Oneefic the pandemonium lord
 77358 | Pan      | Killed Oneefic the pandemonium lord
 77646 | Pan      | Found an exit through the horrors of the Abyss.
 78452 | Pan      | Noticed Gikerchosh the pandemonium lord
 78471 | Pan      | Killed Gikerchosh the pandemonium lord
 78723 | Pan      | Identified the +8 battleaxe of the Swamp {vamp, rElec}
 79152 | Pan      | Lost intelligence.
 79422 | Pan      | Identified the +1 chain mail of Naisum {rF+ Str+2}
 79437 | Pan      | Found a transporter.
 79458 | Pan      | Found a transporter.
 79458 | Pan      | Identified the ring "Doar Ruq" {rPois AC+4}
 80001 | Pan      | Acquired the +3 pair of boots of Xatogg {Int+3}
 80014 | Pan      | Identified the +0 pair of boots "Vunt" {rC+}
 80059 | Pan      | Noticed Teulan the pandemonium lord
 80070 | Pan      | Killed Teulan the pandemonium lord
 80295 | Pan      | Found an exit through the horrors of the Abyss.
 80648 | Pan      | Noticed Firuar the pandemonium lord
 80698 | Pan      | Killed Firuar the pandemonium lord
 80752 | Pan      | Identified the +8 chain mail of the Present {rElec Regen+
                  | Str-5 SInv}
 81670 | Pan      | Noticed Patrooge the pandemonium lord
 81694 | Pan      | Killed Patrooge the pandemonium lord
 81719 | Pan      | Identified the +8 battleaxe of Kismet {speed, rF+ rN+
                  | Str+4}
 82179 | Pan      | Gained mutation: You are very dopey. (Int -4) [a cacodemon]
 82186 | Pan      | Lost mutation: You occasionally lose the ability to read
                  | scrolls when taking damage. [potion of mutation]
 82186 | Pan      | Lost mutation: Your body sometimes deteriorates upon taking
                  | damage. [potion of mutation]
 82186 | Pan      | Gained mutation: You are partially covered in iridescent
                  | scales. (AC +2) [potion of mutation]
 82279 | Pan      | Noticed Otonad the pandemonium lord
 82290 | Pan      | Killed Otonad the pandemonium lord
 82520 | Pan      | Identified the +0 chain mail "Ankuogeh" {+Inv rC+ Str-2
                  | Dex+2}
 83022 | Pan      | Found a runed translucent door.
 83910 | Pan      | Noticed Lybeoqu the pandemonium lord
 83923 | Pan      | Killed Lybeoqu the pandemonium lord
 83944 | Pan      | Noticed Raiklac the pandemonium lord
 83950 | Pan      | Killed Raiklac the pandemonium lord
 84887 | Pan      | Gained mutation: You are frail. (-10% HP) [a cacodemon]
 84898 | Pan      | Gained mutation: Your body sometimes deteriorates upon
                  | taking damage. [a neqoxec]
 84950 | Pan      | Identified the +1 ring mail of the Marlin {rC+}
 85001 | Pan      | Noticed Togrelaq the pandemonium lord
 85014 | Pan      | Killed Togrelaq the pandemonium lord
 85495 | Pan      | Identified the +0 ring mail of Goilag {Dex+4}
 85536 | Pan      | Reached skill level 27 in Invocations
 85692 | Pan      | Noticed Ejiurue the pandemonium lord
 85701 | Pan      | Killed Ejiurue the pandemonium lord
 85817 | Pan      | Found an exit through the horrors of the Abyss.
 86166 | Pan      | Took an exit into the Abyss.
 86166 | Abyss:4  | Escaped into the Abyss
 86367 | Abyss:4  | Found a corrupted altar of Lugonu.
 86389 | Abyss:4  | Found a corrupted altar of Lugonu.
 86520 | Abyss:4  | Paralysed by accursed screaming for 1 turns
 86754 | Abyss:4  | Gained mutation: Your magical capacity is low. (-10% MP) [a
                  | neqoxec]
 86779 | Abyss:4  | Noticed a dread lich
 86783 | Abyss:4  | Killed a dread lich
 86794 | Abyss:4  | Gained mutation: Your spells are a little easier to cast,
                  | but a little less powerful. [a neqoxec]
 86797 | Abyss:4  | Gained mutation: You occasionally lose the ability to drink
                  | potions when taking damage. [a neqoxec]
 86798 | Abyss:4  | Gained mutation: You are clumsy. (Dex -2) [a neqoxec]
 86824 | Abyss:4  | Reached skill level 27 in Armour
 87263 | Abyss:4  | Found a corrupted altar of Lugonu.
 87274 | Abyss:4  | Found a corrupted altar of Lugonu.
 87274 | Abyss:4  | Found a corrupted altar of Lugonu.
 87562 | Abyss:4  | Paralysed by accursed screaming for 1 turns
 87984 | Abyss:4  | Noticed a dread lich
 87988 | Abyss:4  | Killed a dread lich
 88173 | Abyss:4  | Noticed a dread lich
 88184 | Abyss:4  | Killed a dread lich
 88298 | Abyss:4  | Reached skill level 27 in Fighting
 88316 | Abyss:4  | Found a corrupted altar of Lugonu.
 88333 | Abyss:4  | Found a corrupted altar of Lugonu.
 88385 | Abyss:4  | Paralysed by accursed screaming for 2 turns
 88392 | Abyss:4  | Paralysed by accursed screaming for 2 turns
 88398 | Abyss:4  | Paralysed by accursed screaming for 1 turns
 88411 | Abyss:4  | Got an abyssal rune of Zot
 88467 | Abyss:4  | Found a corrupted altar of Lugonu.
 88749 | Depths:2 | Escaped the Abyss
 88859 | Pan      | Entered the realm of Gloorx Vloq.
 88859 | Pan      | Entered Pandemonium
 88867 | Pan      | Noticed Gloorx Vloq
 88889 | Pan      | Killed Gloorx Vloq
 89058 | Pan      | Got a dark rune of Zot
 89423 | Pan      | Identified the +0 plate armour "Nishruaf" {Harm rElec rC+
                  | Dex-3}
 89648 | Pan      | Noticed Loalanid the pandemonium lord
 89671 | Pan      | Killed Loalanid the pandemonium lord
 89930 | Pan      | Gained mutation: You have hidden genetic defects. [a
                  | cacodemon]
 89939 | Pan      | Lost mutation: You are clumsy. (Dex -2) [potion of
                  | mutation]
 89939 | Pan      | Lost mutation: You occasionally lose the ability to drink
                  | potions when taking damage. [potion of mutation]
 89939 | Pan      | Gained mutation: Your magical capacity is very low. (-20%
                  | MP) [potion of mutation]
 89939 | Pan      | Gained mutation: You are strong-willed. (Will+) [potion of
                  | mutation]
 89939 | Pan      | Gained mutation: You have large cloven feet. [potion of
                  | mutation]
 89940 | Pan      | Lost mutation: You are frail. (-10% HP) [potion of
                  | mutation]
 89940 | Pan      | Lost mutation: Your magical capacity is very low. (-20% MP)
                  | [potion of mutation]
 89940 | Pan      | Lost mutation: You have large cloven feet. [potion of
                  | mutation]
 89941 | Pan      | Lost mutation: You are very dopey. (Int -4) [potion of
                  | mutation]
 89941 | Pan      | Lost mutation: You are strong-willed. (Will+) [potion of
                  | mutation]
 89941 | Pan      | Lost mutation: You are partially covered in iridescent
                  | scales. (AC +2) [potion of mutation]
 89941 | Pan      | Gained mutation: You expend magic power (3 MP) to
                  | strengthen your wands. [potion of mutation]
 89941 | Pan      | Gained mutation: You occasionally lose the ability to drink
                  | potions when taking damage. [potion of mutation]
 89942 | Pan      | Lost mutation: You expend magic power (3 MP) to strengthen
                  | your wands. [potion of mutation]
 89942 | Pan      | Lost mutation: You occasionally lose the ability to drink
                  | potions when taking damage. [potion of mutation]
 89942 | Pan      | Lost mutation: You have hidden genetic defects. [potion of
                  | mutation]
 89942 | Pan      | Gained mutation: You are partially covered in iridescent
                  | scales. (AC +2) [potion of mutation]
 89942 | Pan      | Lost mutation: You are partially covered in iridescent
                  | scales. (AC +2) [potion of mutation]
 89942 | Pan      | Gained mutation: You have sharp fingernails. [potion of
                  | mutation]
 90562 | Pan      | Found an exit through the horrors of the Abyss.
 90675 | Pan      | Noticed Awkilocs the pandemonium lord
 90690 | Pan      | Killed Awkilocs the pandemonium lord
 90948 | Pan      | Upgraded the game from 0.31-a0-1178-gc5c9b8f871 to
                  | 0.31-a0-1202-ga8fea8b373
 91341 | Pan      | Noticed Tajiuhe the pandemonium lord
 91376 | Pan      | Killed Tajiuhe the pandemonium lord
 91620 | Pan      | Found an exit through the horrors of the Abyss.
 91736 | Pan      | Noticed Guemoiging the pandemonium lord
 91741 | Pan      | Reached skill level 27 in Dodging
 91746 | Pan      | Killed Guemoiging the pandemonium lord
 92324 | Pan      | Entered the realm of Cerebov.
 92987 | Pan      | Found the +6 sword of Cerebov {flame}
 92987 | Pan      | Noticed Cerebov
 93028 | Pan      | Killed Cerebov
 93029 | Pan      | Reached skill level 27 in Maces & Flails
 93039 | Pan      | Got a fiery rune of Zot
 93040 | Pan      | Identified the +0 scale mail of Weightlessness {Str+2}
 93083 | Pan      | Identified the +2 ring mail "Oduademp" {rPois rF+ rC+}
 93149 | Pan      | Identified the +2 scimitar of Juemukhlao {heavy, rElec rF-
                  | rCorr Str+6}
 93494 | Pan      | Noticed Anoddaf the pandemonium lord
 93520 | Pan      | Killed Anoddaf the pandemonium lord
 93607 | Pan      | Found a runed translucent door.
 93643 | Pan      | Got a demonic rune of Zot
 94170 | Pan      | Identified the +7 hand axe of Caminuim {heavy, Dex+6}
 94174 | Pan      | Noticed Huprueg the pandemonium lord
 94182 | Pan      | Killed Huprueg the pandemonium lord
 94411 | Pan      | Identified the amulet of Piczes {RegenMP rElec}
 94587 | Pan      | Found an exit through the horrors of the Abyss.
 94969 | Pan      | Entered the realm of Mnoleg.
 94970 | Pan      | Gained mutation: You sometimes lose your temper in combat.
                  | [a neqoxec]
 95218 | Pan      | Gained mutation: You occasionally lose the ability to drink
                  | potions when taking damage. [a neqoxec]
 95220 | Pan      | Gained mutation: You are weak. (Str -2) [a neqoxec]
 95226 | Pan      | Noticed Mnoleg
 95234 | Pan      | Killed Mnoleg
 95327 | Pan      | Got a glowing rune of Zot
 95453 | Pan      | Gained mutation: You are vulnerable to cold. (rC-) [a
                  | cacodemon]
 95555 | Pan      | Entered the realm of Lom Lobon.
 95555 | Pan      | Noticed Lom Lobon
 95570 | Pan      | Killed Lom Lobon
 95940 | Pan      | Found an exit through the horrors of the Abyss.
 96319 | Pan      | Got a magical rune of Zot
 96876 | Pan      | Lost mutation: Your spells are a little easier to cast, but
                  | a little less powerful. [potion of mutation]
 96876 | Pan      | Lost mutation: Your magical capacity is low. (-10% MP)
                  | [potion of mutation]
 96876 | Pan      | Lost mutation: You have sharp fingernails. [potion of
                  | mutation]
 96876 | Pan      | Gained mutation: You are agile. (Dex +4, Str/Int -1)
                  | [potion of mutation]
 96877 | Pan      | Lost mutation: You occasionally lose the ability to drink
                  | potions when taking damage. [potion of mutation]
 96877 | Pan      | Lost mutation: You are agile. (Dex +4, Str/Int -1) [potion
                  | of mutation]
 96877 | Pan      | Gained mutation: You have sharp toenails. [potion of
                  | mutation]
 96877 | Pan      | Gained mutation: You are partially covered in iridescent
                  | scales. (AC +2) [potion of mutation]
 96878 | Pan      | Lost mutation: You are weak. (Str -2) [potion of mutation]
 96878 | Pan      | Lost mutation: You sometimes lose your temper in combat.
                  | [potion of mutation]
 96878 | Pan      | Lost mutation: Your body sometimes deteriorates upon taking
                  | damage. [potion of mutation]
 96878 | Pan      | Gained mutation: You are vulnerable to heat. (rF-) [potion
                  | of mutation]
 96878 | Pan      | Gained mutation: You are partially covered in large bone
                  | plates. (SH +4) [potion of mutation]
 96879 | Pan      | Lost mutation: You are vulnerable to heat. (rF-) [potion of
                  | mutation]
 96879 | Pan      | Lost mutation: You are vulnerable to cold. (rC-) [potion of
                  | mutation]
 96879 | Pan      | Gained mutation: Your skin changes colour to match your
                  | surroundings (Stealth+). [potion of mutation]
 97047 | Pan      | Identified the +6 war axe of Bloody Death {holy, ^Fragile
                  | rElec SInv}
 97053 | Pan      | Noticed Subiumomno the pandemonium lord
 97066 | Pan      | Killed Subiumomno the pandemonium lord
 98570 | Pan      | Noticed Egharrif the pandemonium lord
 98607 | Pan      | Gained mutation: You are clumsy. (Dex -2) [a neqoxec]
 98990 | Pan      | Killed Egharrif the pandemonium lord
 99107 | Pan      | Found an exit through the horrors of the Abyss.
 99178 | Pan      | Noticed Ypuxzui the pandemonium lord
 99190 | Pan      | Killed Ypuxzui the pandemonium lord
 99397 | Pan      | Identified the +7 dagger of Cheese {pain, rPois Int+4}
 99898 | Pan      | Gained mutation: You are weak. (Str -2) [a cacodemon]
 99907 | Pan      | Noticed Qaaneif the pandemonium lord
 99917 | Pan      | Killed Qaaneif the pandemonium lord
 99994 | Pan      | Found an exit through the horrors of the Abyss.
100001 | Pan      | Noticed Ignacio
100012 | Pan      | Killed Ignacio
100306 | Pan      | Gained mutation: You are vulnerable to heat. (rF-) [a
                  | neqoxec]
100405 | Pan      | Gained mutation: You are very dopey. (Int -4) [a neqoxec]
100413 | Pan      | Gained mutation: You do not regenerate when monsters are
                  | visible. [a neqoxec]
100508 | Pan      | Identified the +5 ring mail of Vaevvobij {Will- Str+3
                  | Dex+6}
100568 | Pan      | Reached skill level 27 in Throwing
100577 | Pan      | Noticed Xupolicio the pandemonium lord
100578 | Pan      | Reached skill level 1 in Evocations
100597 | Pan      | Killed Xupolicio the pandemonium lord
100671 | Pan      | Found an exit through the horrors of the Abyss.
100868 | Pan      | Reached skill level 5 in Evocations
101770 | Depths:2 | Escaped Pandemonium
101866 | Coc:1    | Entered Level 1 of Cocytus
102927 | Coc:3    | Paralysed by a wendigo for 1 turns
103083 | Coc:4    | Reached skill level 10 in Evocations
103084 | Coc:4    | Paralysed by a wendigo for 1 turns
103115 | Coc:4    | Paralysed by a wendigo for 1 turns
103121 | Coc:4    | Paralysed by a wendigo for 1 turns
103436 | Coc:5    | Noticed a dread lich
103438 | Coc:5    | You fall into a shaft and drop 1 floor!
103882 | Coc:7    | Entered Level 7 of Cocytus
103885 | Coc:7    | Paralysed by a wendigo for 1 turns
104471 | Coc:5    | Killed a dread lich
104478 | Coc:5    | Paralysed by a wendigo for 1 turns
104509 | Coc:5    | Paralysed by a wendigo for 1 turns
105450 | Coc:7    | Reached skill level 15 in Evocations
105494 | Coc:7    | Noticed an ancient lich
105502 | Coc:7    | Killed an ancient lich
105785 | Coc:7    | Paralysed by a wendigo for 1 turns
105849 | Coc:7    | Paralysed by a wendigo for 1 turns
105986 | Coc:7    | Noticed Antaeus
106335 | Coc:7    | Killed Antaeus
106365 | Coc:7    | Got an icy rune of Zot
106821 | Coc:7    | Identified the staff of Dullness {rC+ Int+5 Ice}
106939 | Dis:1    | Entered Level 1 of the Iron City of Dis
108470 | Tar:1    | Entered Level 1 of Tartarus
109487 | Tar:3    | Lost intelligence.
109703 | Tar:4    | HP: 12/258 [???[a doom hound] (3)]
110608 | Tar:5    | You fall into a shaft and drop 1 floor!
112081 | Dis:5    | Lost intelligence.
112445 | Tomb:1   | Entered Level 1 of the Tomb of the Ancients
112476 | Tomb:1   | Identified the +0 pair of gloves of Gafilooju {rElec}
112533 | Tomb:1   | Noticed a royal mummy
112540 | Tomb:1   | Killed a royal mummy
112628 | Tomb:1   | Noticed a royal mummy
112645 | Tomb:1   | Killed a royal mummy
112744 | Tomb:1   | Noticed a royal mummy
112751 | Tomb:1   | Killed a royal mummy
112947 | Tomb:1   | Gained mutation: You have hidden genetic defects.
                  | [mutagenic glow]
112961 | Tomb:1   | Gained mutation: You occasionally lose the ability to read
                  | scrolls when taking damage. [mutagenic glow]
112975 | Tomb:1   | Gained mutation: You sometimes lose the ability to read
                  | scrolls when taking damage. [mutagenic glow]
113236 | Tomb:1   | Identified the +0 robe of the Arcane {Regen+ Stlth+}
113284 | Tomb:2   | Noticed a royal mummy
113287 | Tomb:2   | Noticed a royal mummy
113287 | Tomb:2   | Noticed a royal mummy
113288 | Tomb:2   | Noticed a royal mummy
113305 | Tomb:2   | Killed a royal mummy
113309 | Tomb:2   | Killed a royal mummy
113310 | Tomb:2   | Killed a royal mummy
113311 | Tomb:2   | Killed a royal mummy
113909 | Tomb:1   | Noticed a royal mummy
113909 | Tomb:1   | Noticed a royal mummy
113910 | Tomb:1   | Noticed a royal mummy
113910 | Tomb:1   | Noticed a royal mummy
113912 | Tomb:1   | Noticed a royal mummy
113915 | Tomb:1   | Killed a royal mummy
113916 | Tomb:1   | Noticed a royal mummy
113921 | Tomb:1   | Noticed a royal mummy
113921 | Tomb:1   | Noticed a royal mummy
113925 | Tomb:1   | Noticed a royal mummy
113925 | Tomb:1   | Noticed a royal mummy
113926 | Tomb:1   | Noticed a royal mummy
113927 | Tomb:1   | Killed a royal mummy
113927 | Tomb:1   | Killed a royal mummy
113931 | Tomb:1   | Killed a royal mummy
113934 | Tomb:1   | Noticed a royal mummy
113934 | Tomb:1   | Killed a royal mummy
113934 | Tomb:1   | HP: 6/273 [something (25)]
113934 | Tomb:1   | Killed from afar by a royal mummy

Illustrated notes

Levels and vault maps discovered:
D:1:      spicycebolla_arrival_ecumenical, layout_rooms
D:2:      layout_loops_ring, serial_bayou_lake_a
D:3:      layout_rooms
D:4:      layout_loops_ring, serial_bayou, serial_bayou_pond_d,
          serial_bayou_pond_c, serial_bayou_shore_b, serial_bayou_ford_a,
          portal_sewer_entry_e, serial_bayou_pond_c, uniq_menkaure
D:5:      layout_basic, zin_angel, kennysheep_dice
D:6:      layout_gridville, nicolae_inconvenience_store
D:7:      layout_cave_pools, makhleb_grotto_becter, minmay_temple_entry_fiery,
          serial_gnoll_camp, gnoll_camp_mini_basic, gnoll_camp_huts_basic,
          gnoll_camp_mini_hut, gnoll_camp_medium_01, gnoll_camp_mini_hut
D:8:      layout_gridville, lemuel_tele_altar, nicolae_ossuary_entry_giza,
          serial_shops, nicolae_diamond_shop
D:9:      layout_irregular_city, uniq_pikel
D:10:     layout_loops_ring, david_lair_generic, roadster_capsule_ark_zombie
D:11:     minmay_complete_graph, layout_basic, water_boxes_lemuel, uniq_sonja,
          uniq_snorg
D:12:     layout_stronghold, minmay_misc_feat_plants
D:13:     layout_basic
D:14:     layout_grid_maze, erik_vaults_2, nicolae_dithmenos_the_darkroom,
          lemuel_flamethrower_2
D:15:     grunt_enter_depths_magical_seal, layout_basic,
          nicolae_uskayaw_suspiria, corner_web_ring
Temple:   hellmonk_temple_divided_pantheon
Lair:1:   lemuel_slime, layout_cave_pods, gammafunk_lair_bear_cave,
          lemuel_fruit_tree, lemuel_fruit_fields
Lair:2:   layout_loops_ring, swamp_mist, minmay_snake_entry_guardpost_small,
          serial_bayou_pond_a
Lair:3:   layout_chaotic_city, chequers_serial_rivers_micro_b,
          serial_bayou_shore_a
Lair:4:   layout_misc_corridors, lightli_volcano_entry_magma_tube,
          grunt_megastairs_4
Lair:5:   hangedman_lair_tendril_chambers, layout_regular_city,
          nicolae_slime_entry_field_trip, uniq_nessos, uniq_kirke
Swamp:1:  layout_basic_swamp, nicolae_swamp_feature_on_the_river_bank,
          infiniplex_staircase_pool_2
Swamp:2:  cheibrodos_swamp_heart_of_darkness, layout_falls_marsh,
          nicolae_swamp_big_swirl, swamp_pool_1_2
Swamp:3:  layout_basic_swamp, gammafunk_ghost_arena,
          evilmike_swamp_ruin_rubble_2, swamp_pool_5
Swamp:4:  swamp_alternative, layout_basic_swamp
Snake:1:  hangedman_cross_veins, layout_grid_shapes,
          serial_library_hellmonk_angled_corner, minmay_shop_grove,
          serial_bayou_shore_b, uniq_aizul, uniq_asterion
Snake:2:  layout_chambers, grunt_ministairs_9
Snake:3:  layout_chambers, minmay_shoptagon, nicolae_integral_box
Snake:4:  minmay_snake_end_coiled, layout_cave_town, minmay_shop_star
Slime:1:  layout_caves
Slime:2:  layout_caves
Slime:3:  layout_caves
Orc:1:    layout_diamond_mine, basic_altar, nicolae_shop_clearance
Orc:2:    st_orc_elflike, layout_diamond_mine, serial_shops, shop, shop
Elf:1:    eino_elf_arrival_customs, layout_loops_cross,
          portal_ice_cave_entry_ugly_swarm, nicolae_elf_shapeshifter_party
Elf:2:    nicolae_elf_blades_splatter_lattice
          [nicolae_blade_entry_splitting_headache], layout_geoelf_grid,
          serial_shops, shop, drop_trap
Elf:3:    minmay_elf_hall_four_x, layout_geoelf_octagon, serial_shops,
          nicolae_shop_stone, shop, nicolae_shop_scrapyard, shop,
          guppyfry_elf_altar, uniq_louise, uniq_norris
Vaults:1: nicolae_vaults_statue_guard, nicolae_vaults_weapon_check,
          hangedman_vaults_variations, nicolae_vaults_surprise_closet,
          vaults_room_pools, nicolae_vaults_tetromino_T_2,
          nicolae_vaults_storage_room_water, layout_vaults_quadrants,
          serial_shops, shop
Vaults:2: nicolae_vaults_mitosis, nicolae_vaults_little_squares_3,
          minmay_crypt_entry_necro_gods, nicolae_vaults_oval_intersection,
          vaults_dpeg_spiral, nicolae_vaults_mini_display_case, v_misc_33,
          nicolae_vaults_heart-shaped_vault, hangedman_vaults_trim,
          nicolae_vaults_little_guard_posts, layout_vaults_omnibox
Vaults:3: vaults_room_pool, nicolae_vaults_border_crossing, v_misc_27,
          nicolae_vaults_little_squares_4, v_misc_28,
          nicolae_vaults_network_star, nicolae_vaults_windows_and_doors_thing,
          ontoclasm_vaults_hangar, v_misc_19, nicolae_vaults_tetromino_L_1,
          nicolae_vaults_tangram_1, grunt_vaults_trifunnel,
          layout_vaults_maze_snakey
Vaults:4: nicolae_vaults_little_ls, nicolae_vaults_tetromino_Z_2,
          nicolae_vaults_turnstiles, v_misc_26, nicolae_vaults_puzzle_piece,
          nicolae_vaults_octothorpe, v_misc_25, v_misc_1,
          ontoclasm_vaults_idyll, ontoclasm_vaults_tryst, vaults_room_pool,
          nicolae_vaults_what_the_h, nicolae_vaults_little_squares_2,
          nicolae_vaults_closet_pinwheel_4, layout_vaults_ring
Vaults:5: serial_shops
Crypt:1:  layout_misc_corridors, serial_library_hellmonk_filled_rooms,
          lemuel_nasty_fountain
Crypt:2:  layout_catacombs, uniq_grunn
Crypt:3:  grunt_crypt_end_deaths_head
Tomb:1
Tomb:2
Depths:1: layout_cave_pools, enter_ziggurat_c, nicolae_twisty_statue_hallways,
          pf_hell_entry_great_geh, kennysheep_generic_room_11
Depths:2: kennysheep_demon_jail, layout_basic, serial_glass, glass_columns_a,
          glass_columns_a, rand_demon_pan_entry_1, mu_enter_wizlab_2,
          hell_entry, hangedman_abyss_entry_splay, uniq_mara
Depths:3: minmay_the_grid_triangle_9x9_rhombus_thin_mashed
          [minmay_the_grid_triangle_9x9_wacky_v,
          minmay_the_grid_triangle_9x9_prize_center,
          minmay_the_grid_triangle_9x9_thin_v,
          minmay_the_grid_triangle_9x9_flanged_cone], layout_cave_pools,
          abyss_entry_crystal, grunt_hell_entry_dis_mu, grunt_ministairs_10,
          infiniplex_staircase_zigzag_2, serial_bayou_shore_b
Depths:4: evilmike_zot_entry_basic, layout_basic, serial_shops, shop,
          hangedman_decor_points, hell_entry, lightli_corner_chamber, uniq_jory,
          uniq_mennas, uniq_josephina
Hell
Dis:1:    layout_gridville, nicolae_dis_strange_trophy_room
Dis:2:    layout_gridville, nicolae_dis_scattering
Dis:3:    layout_jigsaw
Dis:4:    layout_regular_city
Dis:5:    layout_regular_city
Coc:1:    layout_ice_bergs
Coc:2:    layout_ice_bergs
Coc:3:    layout_cocytus_delve
Coc:4:    nicolae_coc_cocytus_crossing, layout_cocytus_water_paths
Coc:5:    layout_cocytus_delve
Coc:6:    layout_ice_bergs
Coc:7:    coc_dpeg
Tar:1:    layout_cathedral_of_symmetry
Tar:2:    layout_catacombs
Tar:3:    layout_cathedral_of_symmetry, evilmike_ambush
          [evilmike_ambush_outer_basic, evilmike_ambush_inner_pond]
Tar:4:    nicolae_hells_demon_pit, layout_cathedral_of_symmetry
Tar:5:    layout_grid_maze
Tar:6:    layout_honeycomb
Zot:1:    layout_basic, regret_index_zotdec_twisting_globes
Zot:2:    layout_basic, regret_index_zotdec_barnacled_simple
Zot:3:    layout_cellular_growth, skrybe_zot_glass_3, st_stairs_9, uniq_vv
Zot:4:    layout_misc_corridors

Skill      XL: |  1  2  3  4  5  6  7  8  9 10 11 12 13 14 15 16 17 18 19 20 21 22 23 24 25 26 27 |
---------------+----------------------------------------------------------------------------------+-----
Maces & Flails | 3 4 5 6 7 9 11 16 19 22 24 27 | 27.0
Armour         | 4 8 13 14 15 19 20 22 24 27 | 27.0
Fighting       | 5 6 9 12 14 15 20 22 27 | 27.0
Shields        | 5 11 15 20 22 27 | 27.0
Dodging        | 7 9 12 13 17 22 27 | 27.0
Invocations    | 9 15 27 | 27.0
Throwing       | 12 13 19 27 | 27.0
Evocations     | 23 | 23.8

Action                     |  1- 3 |  4- 6 |  7- 9 | 10-12 | 13-15 | 16-18 | 19-21 | 22-24 | 25-27 || total
---------------------------+-------+-------+-------+-------+-------+-------+-------+-------+-------++-------
  Melee: Flail             |    90 |    57 |   228 |       |       |       |       |       |       ||   375
         Headbutt          |     7 |     9 |    72 |   195 |   211 |   223 |   359 |   589 |  2539 ||  4204
         Whip              |       |       |   316 |   797 |     8 |       |       |       |       ||  1121
         Eveningstar       |       |       |       |       |   925 |  1013 |  1219 |  1980 |  2435 ||  7572
         Sacred scourge    |       |       |       |       |       |       |       |    60 |  4653 ||  4713
  Throw: Javelin           |       |       |       |       |       |    19 |       |    17 |    94 ||   130
 Invoke: Heroism           |       |       |       |     4 |    10 |    14 |     9 |     3 |       ||    40
         Finesse           |       |       |       |     1 |     3 |     8 |     8 |     2 |       ||    22
         Receive Weapon    |       |       |       |       |     1 |       |       |       |       ||     1
         Duel              |       |       |       |       |     1 |     2 |     2 |       |       ||     5
         Receive Armour    |       |       |       |       |     1 |       |       |       |       ||     1
         Divine Shield     |       |       |       |       |       |       |       |     1 |    33 ||    34
         Cleansing Flame   |       |       |       |       |       |       |       |       |   198 ||   198
         Summon Divine War |       |       |       |       |       |       |       |       |    13 ||    13
  Evoke: Lightning rod     |       |       |       |       |       |       |       |       |     6 ||     6
         Phial of floods   |       |       |       |       |       |       |       |       |     1 ||     1
    Use: Potion            |       |       |     2 |       |     1 |     8 |     2 |       |    20 ||    33
         Scroll            |       |       |       |     1 |    23 |     9 |     2 |    13 |    10 ||    58
   Stab: Distracted        |       |       |       |       |       |       |       |     2 |       ||     2
 Armour: Scale mail        |    63 |    34 |   377 |    43 |       |       |       |       |       ||   517
         Ring mail         |       |       |       |   259 |   192 |       |       |       |       ||   451
         Plate armour      |       |       |       |       |   379 |   549 |       |       |       ||   928
         Swamp dragon scal |       |       |       |       |       |   132 |   445 |    81 |       ||   658
         Gold dragon scale |       |       |       |       |       |       |       |   365 |  2023 ||  2388
  Dodge: Dodged            |    32 |    36 |   237 |   237 |   333 |   369 |   450 |   345 |  1446 ||  3485
  Block: Buckler           |    16 |    11 |    61 |       |       |       |       |       |       ||    88
         Kite shield       |       |       |   155 |   297 |   620 |   460 |   343 |       |       ||  1875
         Tower shield      |       |       |       |       |       |       |   712 |  1906 |  7601 || 10219

Table legend: (Time is in decaauts)
 A = Elapsed time spent in this place.
 B = Non-inter-level travel time spent in this place.
 C = Inter-level travel time spent in this place.
 D = Time resting spent in this place.
 E = Time spent auto-exploring this place.
 F = Levels seen in this place.
 G = Mean time per level.
                   A        B        C        D        E       F      G
               +--------+--------+--------+--------+--------+-----+--------+
         Total | 110427 | 100919 |   9508 |   8347 |  70491 | 116 |  952.0 |
       Dungeon |  15313 |  12111 |   3202 |    250 |   9667 |  15 | 1020.9 |
        Temple |     88 |     58 |     30 |      0 |      0 |   1 |   88.0 |
          Lair |   6595 |   5922 |    673 |     45 |   4730 |   5 | 1319.0 |
         Swamp |   5385 |   5076 |    309 |   1112 |   3115 |   4 | 1346.2 |
     Snake Pit |   4062 |   3833 |    229 |      4 |   3252 |   4 | 1015.5 |
    Slime Pits |   1661 |   1557 |    104 |      0 |   1337 |   3 |  553.7 |
  Orcish Mines |   1871 |   1684 |    187 |    184 |   1160 |   2 |  935.5 |
   Elven Halls |   6803 |   6431 |    372 |   2113 |   3283 |   3 | 2267.7 |
        Vaults |   9020 |   7973 |   1047 |    571 |   5740 |   5 | 1804.0 |
         Crypt |   3217 |   2815 |    402 |      0 |   2010 |   3 | 1072.3 |
          Tomb |   1639 |   1562 |     77 |      0 |    940 |   2 |  819.5 |
        Depths |   7270 |   5545 |   1725 |      6 |   4584 |   4 | 1817.5 |
          Hell |   2080 |   1845 |    235 |   1249 |    378 |   1 | 2080.0 |
           Dis |   1316 |   1093 |    223 |    200 |    640 |   5 |  263.2 |
       Cocytus |   4762 |   4436 |    326 |    773 |   2697 |   7 |  680.3 |
      Tartarus |   2718 |   2543 |    175 |    282 |   1951 |   6 |  453.0 |
           Zot |   3333 |   3149 |    184 |      0 |   2794 |   4 |  833.2 |
         Abyss |   9168 |   9168 |      0 |    838 |   4836 |   5 | 1833.6 |
   Pandemonium |  22022 |  22022 |      0 |    519 |  16329 |  28 |  786.5 |
         Sewer |    507 |    507 |      0 |      0 |    344 |   1 |  507.0 |
       Ossuary |    220 |    220 |      0 |      0 |    124 |   1 |  220.0 |
      Ice Cave |    808 |    808 |      0 |    139 |    465 |   1 |  808.0 |
       Volcano |    404 |    404 |      0 |     47 |    111 |   1 |  404.0 |
         Arena |    155 |    155 |      0 |     12 |      0 |   5 |   31.0 |
               +--------+--------+--------+--------+--------+-----+--------+

Top non-repeatable levels by time:
 Abyss:2: 3898 daAuts
   Elf:3: 3560 daAuts
 Abyss:1: 2882 daAuts
 Abyss:4: 2312 daAuts
Vaults:2: 2267 daAuts
   Elf:2: 2156 daAuts
Depths:4: 2126 daAuts
    Hell: 2080 daAuts
Depths:3: 2022 daAuts
Vaults:5: 2017 daAuts
Depths:2: 2010 daAuts
    D:14: 1800 daAuts
    D:11: 1762 daAuts
Vaults:1: 1743 daAuts
   Coc:7: 1710 daAuts
